 Dungeon Crawl Stone Soup version 0.20.1-1-g8b1a95d (webtiles) character file.

203 Gargoyl the Skirmisher (level 5, -7/55 HPs)
             Began as a Minotaur Abyssal Knight on Sept 18, 2017.
             Was a Follower of Lugonu.
             Mangled by a gnoll
             ... wielding a +0 spear
              (10 damage)
             ... on level 2 of the Dungeon.
             The game lasted 00:04:55 (1670 turns).

Gargoyl the Skirmisher (Minotaur Abyssal Knight)    Turns: 1670, Time: 00:04:56

Health: -7/55      AC:  3    Str: 16    XL:     5   Next: 51%
Magic:  5/5        EV: 16    Int:  9    God:    Lugonu [*.....]
Gold:   18         SH:  0    Dex: 16    Spells: 4/4 levels left

rFire    . . .     SeeInvis .   a - +1 hand axe
rCold    . . .     Gourm    .   (no shield)
rNeg     + . .     Faith    .   j - +0 ring mail
rPois    .         Spirit   .   (helmet restricted)
rElec    .         Reflect  .   (no cloak)
rCorr    .         Harm     .   (no gloves)
MR       .....     Rnd*Rage +   (no boots)
Stlth    ++........             (no amulet)
Regen    0.2/turn               i - ring of positive energy
MPRegen  0.1/turn               (no ring)

@: agile
A: retaliatory headbutt, horns 2, berserk 1, deformed body, robust 1
a: Depart the Abyss, Renounce Religion


You were on level 2 of the Dungeon.
You worshipped Lugonu.
Lugonu was aware of your devotion.
You were very hungry.

You visited 1 branch of the dungeon, and saw 2 of its levels.
You visited the Abyss 1 time.

You collected 18 gold pieces.

Inventory:

Hand Weapons
 a - a +1 hand axe (weapon)
 g - a +0 vampiric hand axe
Armour
 j - a +0 ring mail (worn)
Jewellery
 f - a cursed amulet of inaccuracy {unknown}
 i - a ring of positive energy (left hand)
Wands
 e - a wand of lightning (10/15)
Comestibles
 c - a bread ration


   Skills:
 + Level 5.8 Fighting
 + Level 3.7 Axes
 * Level 3.5 Armour
 + Level 1.5 Dodging
 * Level 2.4 Invocations
 + Level 0.5 Evocations


You had 4 spell levels left.
You didn't know any spells.

Dungeon Overview and Level Annotations

Branches:
Dungeon (2/15)

Altars:
Xom


Innate Abilities, Weirdness & Mutations

You reflexively headbutt those who attack you in melee.
You have a pair of horns on your head.
You tend to lose your temper in combat.
Armour fits poorly on your strangely shaped body.
You are robust. (+10% HP)


Message History

Unknown command.
You hit the gnoll. You headbutt the gnoll.
The gnoll is severely wounded.
You hit the goblin.
You kill the goblin!
Lugonu accepts your kill.
You hit the gnoll. You hit the adder. The adder bites you.
The gnoll misses you. The gnoll hits you with a halberd!
* * * LOW HITPOINT WARNING * * *
The gnoll hits you from afar with a spear.
* * * LOW HITPOINT WARNING * * *
The adder closely misses you. You furiously retaliate!
You headbutt the adder.
You kill the adder!
Lugonu accepts your kill. The gnoll barely misses you.
It was a potion of agility.
You feel agile all of a sudden. The gnoll misses you.
The gnoll hits you from afar with a spear!
You die...

.....................#
......................
..............).......
....................##
...................#
#.#.................
#......g..........
####.g)g....###..#
#..@)....# .#.
#........# . #........#
#........# #........#
#........# #.######
################......#
#.......
......................#
######.#
...#...#[..#...#......#
#....#


You could see 3 gnolls.

Vanquished Creatures
  An adder (D:2)
  A worm (D:2)
  2 dart slugs (D:1)
  A ball python (D:1)
  A giant cockroach (D:1)
  8 goblins
  4 hobgoblins
  5 kobolds (D:1)
  A quokka (D:2)
  5 bats (D:1)
  2 frilled lizards (D:1)
  5 rats (D:1)
36 creatures vanquished.

Vanquished Creatures (collateral kills)
  A troll (shapeshifter) (Abyss:3)
1 creature vanquished.

Grand Total: 37 creatures vanquished

Notes
Turn   | Place    | Note
-------+----------+-------------------------------------------
     0 | Abyss:1  | Gargoyl the Minotaur Abyssal Knight began the quest for the Orb.
     0 | Abyss:1  | Reached XP level 1. HP: 19/19 MP: 1/1
    41 | Abyss:3  | Found a corrupted altar of Lugonu.
   105 | Abyss:3  | Noticed a neqoxec
   115 | Abyss:3  | Noticed a flayed ghost
   123 | Abyss:3  | Noticed a basilisk
   123 | Abyss:3  | Noticed a troll
   123 | Abyss:3  | a basilisk changed into a troll
   135 | Abyss:3  | Killed a troll
   135 | Abyss:3  | Reached skill level 5 in Fighting
   135 | Abyss:3  | Reached XP level 2. HP: 29/29 MP: 2/2
   135 | Abyss:3  | Reached XP level 3. HP: 36/36 MP: 3/3
   135 | Abyss:3  | Reached XP level 4. HP: 42/42 MP: 4/4
   135 | Abyss:3  | Reached XP level 5. HP: 49/49 MP: 5/5
   136 | Abyss:3  | Noticed a wretched star
   140 | D:1      | Escaped the Abyss
   147 | D:1      | Gained mutation: You tend to lose your temper in combat. [mutagenic meat]
   148 | D:1      | Gained mutation: Armour fits poorly on your strangely shaped body. [mutagenic meat]
   149 | D:1      | Gained mutation: You are robust. (+10% HP) [mutagenic meat]
   505 | D:1      | Reached * piety under Lugonu
  1618 | D:2      | Found a shimmering altar of Xom.
  1670 | D:2      | Mangled by a gnoll

Skill      XL: |  1 |
---------------+----+-----
Fighting       | 5 |  5.8
Axes           | 3 |  3.7
Armour         | 3 |  3.5
Invocations    | 2 |  2.4
Dodging        | |  1.5
Evocations     | |  0.5

Action                   |  1- 3 |  4- 6 || total
-------------------------+-------+-------++-------
Melee: Hand axe          |       |    56 ||    56
       Headbutt          |       |    12 ||    12
Invok: Depart the Abyss  |       |     1 ||     1
Evoke: Sack of spiders   |     4 |       ||     4
       Wand              |     3 |       ||     3
  Use: Scroll            |     2 |     2 ||     4
       Potion            |       |     2 ||     2
  Eat: Chunk             |       |     4 ||     4
Armor: Leather armour    |       |    12 ||    12
       Ring mail         |       |     8 ||     8
Dodge: Dodged            |       |    70 ||    70
